 Dungeon Crawl Stone Soup version 0.20.1-1-g8b1a95d (webtiles) character file.

466 tidbits the Insei (level 6, -3/48 HPs)
             Began as a Demigod Transmuter on Aug 19, 2017.
             Slain by Monsterracer's ghost (6 damage)
             ... on level 6 of the Dungeon.
             The game lasted 00:16:56 (2172 turns).

tidbits the Insei (Demigod Transmuter)              Turns: 2172, Time: 00:16:57

Health: -3/48      AC:  4    Str: 13    XL:     6   Next: 51%
Magic:  4/12       EV: 13    Int: 21    God:
Gold:   150        SH:  0    Dex: 16    Spells: 4/9 levels left

rFire    . . .     SeeInvis .     - Unarmed
rCold    . . .     Gourm    .   (no shield)
rNeg     . . .     Faith    .   B - +0 robe
rPois    .         Spirit   .   E - +0 helmet (curse)
rElec    .         Reflect  .   (no cloak)
rCorr    .         Harm     .   G - +0 pair of gloves
MR       .....                  (no boots)
Stlth    +.........             (no amulet)
Regen    0.2/turn               l - ring of wizardry
MPRegen  0.2/turn               (no ring)

@: lethally poisoned (-3 -> -25)
A: high mp 1
a: no special abilities


You were on level 6 of the Dungeon.
You were not hungry.

You visited 1 branch of the dungeon, and saw 6 of its levels.

You collected 150 gold pieces.

Inventory:

Missiles
 a - 54 arrows
Armour
 B - a +0 robe (worn)
 E - a cursed +0 helmet (worn)
 G - a +0 pair of gloves (worn)
Jewellery
 l - a ring of wizardry (left hand)
   (You took it off a kobold on level 1 of the Dungeon)
Wands
 s - a wand of iceblast (9/15)
Scrolls
 g - a scroll of recharging {unknown}
 m - 2 scrolls of remove curse {unknown}
 n - a scroll of enchant weapon {unknown}
 o - a scroll of amnesia
 q - 3 scrolls of identify {unknown}
 v - 2 scrolls of teleportation {unknown}
 w - a scroll of enchant armour {unknown}
Potions
 f - a potion of mutation {unknown}
 h - a potion of flight {unknown}
 i - a potion of haste
 p - a potion of lignification {unknown}
 u - a potion of degeneration {unknown}
Books
 c - a book of Changes

   Spells                             Type                      Level
   a - Beastly Appendage              Transmutation                1
   b - Sticks to Snakes               Transmutation                2
   c - Spider Form                    Transmutation/Poison         3
   d - Ice Form                       Ice/Transmutation            4
   e - Blade Hands                    Transmutation                5
Comestibles
 d - 2 bread rations
 j - 3 meat rations
 k - 4 fruits
 r - 2 chunks of flesh
 t - 3 royal jellies


   Skills:
 + Level 2.0 Fighting
 + Level 2.4 Dodging
 * Level 5.5 Unarmed Combat
 - Level 2.1 Spellcasting
 - Level 3.5 Transmutations


You had 4 spell levels left.
You knew the following spells:

 Your Spells              Type           Power        Failure   Level  Hunger
k - Sticks to Snakes      Tmut           ###.....     2%          2    ##.....
p - Spider Form           Tmut/Pois      #.........   9%          3    ###....


Dungeon Overview and Level Annotations

Branches:
Dungeon (6/15)
 Temple: D:4-7

Annotations:
D:6 Monsterracer's ghost, novice HuCj


Innate Abilities, Weirdness & Mutations

You have an increased reservoir of magic. (+10% MP)


Message History

The orb of energy explodes!
The mystic blast hits you! The mystic blast hits your adder.
Your adder dies!
Monsterracer's ghost hits you.
You hit Monsterracer's ghost.
Monsterracer's ghost is lightly damaged.
You completely miss Monsterracer's ghost.
Monsterracer's ghost is lightly damaged.
Monsterracer's ghost misses you.
You hit Monsterracer's ghost.
Monsterracer's ghost is lightly damaged.
Monsterracer's ghost gestures at you while chanting.
The orb of energy hits you!
* * * LOW HITPOINT WARNING * * *
The orb of energy explodes!
The mystic blast hits your ball python.
Your ball python dies!
You hit Monsterracer's ghost.
Monsterracer's ghost is moderately damaged.
You feel better. Monsterracer's ghost hits you.
* * * LOW HITPOINT WARNING * * *
You hit Monsterracer's ghost but do no damage.
Monsterracer's ghost is moderately damaged.
You hit Monsterracer's ghost.
Monsterracer's ghost is moderately damaged.
Monsterracer's ghost closely misses you.
It was a potion of cancellation.
Your magical effects are unravelling.
You feel magically purged.
Your transformation has ended.
Your cursed +0 helmet unmelds from your body.
Your +0 pair of gloves unmelds from your body.
Your +0 robe unmelds from your body.
You feel yourself slow down.
Monsterracer's ghost casts a spell at you.
The orb of energy hits you!
* * * LOW HITPOINT WARNING * * *
You barely miss Monsterracer's ghost.
Monsterracer's ghost is moderately damaged.
Monsterracer's ghost hits you but does no damage.
You are poisoned.
You feel better.
Monsterracer's ghost lets out a mournful wail.
Monsterracer's ghost hits you.
* * * LOW HITPOINT WARNING * * *
You hit Monsterracer's ghost.
Monsterracer's ghost is moderately damaged.
Casting: Sticks to Snakes
Confirm with . or Enter, or press ? or * to list all spells.
You create a snake!
You now have 54 arrows.
Monsterracer's ghost points at you and mumbles some strange words.
The orb of energy misses you.
The orb of energy explodes!
You completely miss Monsterracer's ghost.
Monsterracer's ghost is moderately damaged.
Monsterracer's ghost barely misses you.
Your ball python closely misses Monsterracer's ghost.
You closely miss Monsterracer's ghost.
Monsterracer's ghost is moderately damaged.
Monsterracer's ghost barely misses you.
Your ball python barely misses Monsterracer's ghost.
You barely miss Monsterracer's ghost.
Monsterracer's ghost is moderately damaged.
Monsterracer's ghost misses you.
Your ball python bites Monsterracer's ghost.
You hit Monsterracer's ghost but do no damage.
Monsterracer's ghost is moderately damaged.
Monsterracer's ghost hits you but does no damage.
You are poisoned.
Your ball python closely misses Monsterracer's ghost.
You hit Monsterracer's ghost.
Monsterracer's ghost is heavily damaged.
You feel sick. Monsterracer's ghost misses you.
Your ball python bites Monsterracer's ghost but does no damage.
You hit Monsterracer's ghost but do no damage.
Monsterracer's ghost is heavily damaged.
Your ball python misses Monsterracer's ghost.
Monsterracer's ghost points at you and mumbles some strange words.
The magic dart hits you!
* * * LOW HITPOINT WARNING * * *
You hit Monsterracer's ghost but do no damage.
Monsterracer's ghost is heavily damaged.
You feel sick.
Your ball python barely misses Monsterracer's ghost.
Monsterracer's ghost hits you.
* * * LOW HITPOINT WARNING * * *
You are lethally poisoned!
You hit Monsterracer's ghost.
Monsterracer's ghost is heavily damaged.
* * * LOW HITPOINT WARNING * * *
You feel sick.
Your ball python bites Monsterracer's ghost but does no damage.
Monsterracer's ghost hits you.
* * * LOW HITPOINT WARNING * * *
You are more poisoned.
You hit Monsterracer's ghost but do no damage.
Monsterracer's ghost is heavily damaged.
* * * LOW HITPOINT WARNING * * *
You feel sick.
Your ball python closely misses Monsterracer's ghost.
Monsterracer's ghost hits you.
You die...

#....###.# #....# #.#
##+# #....###.#
##...## ##.#.....#
##.....## #.#######
##.......## #.#.##
#.........###....####
+.........'SW.........
#.........###@...#####
#.......## #.#.##
##.....## #.###
##...## #.# ##'## #..
... ### #.##. # #F ..


You could see Monsterracer's ghost and a friendly ball python.

Vanquished Creatures
  A scorpion (D:4)
  The ghost of dscm the Skirmisher, a weakling DsFi (D:4)
  A hound (D:4)
  A jelly (D:4)
  An orc wizard (D:4)
  3 worker ants (D:4)
  A hound skeleton (D:4)
  3 gnolls (D:4)
  7 adders
  2 oozes
  3 leopard geckos
  An orc (D:4)
  3 giant cockroaches
  8 goblins
  5 hobgoblins
  5 jackals
  2 quokkas
  A ball python (D:4)
  5 bats
  2 frilled lizards
  4 kobolds
  A quokka skeleton (D:4)
  4 rats
65 creatures vanquished.

Vanquished Creatures (collateral kills)
  A bullfrog (D:6)
  2 worms
  2 goblins (D:1)
  A ball python skeleton (D:4)
  A kobold (D:1)
7 creatures vanquished.

Grand Total: 72 creatures vanquished

Notes
Turn   | Place    | Note
-------+----------+-------------------------------------------
     0 | D:1      | tidbits the Demigod Transmuter began the quest for the Orb.
     0 | D:1      | Reached XP level 1. HP: 15/15 MP: 5/5
    76 | D:1      | Reached skill level 3 in Unarmed Combat
   192 | D:1      | Reached XP level 2. HP: 16/22 MP: 5/7
   196 | D:1      | Learned a level 2 spell: Sticks to Snakes
   514 | D:2      | Reached skill level 4 in Unarmed Combat
   514 | D:2      | Reached XP level 3. HP: 16/27 MP: 6/8
   834 | D:3      | Reached skill level 2 in Spellcasting
   839 | D:3      | Learned a level 3 spell: Spider Form
   920 | D:3      | Reached skill level 2 in Transmutations
  1089 | D:4      | Reached XP level 4. HP: 32/34 MP: 4/9
  1200 | D:4      | Noticed dscm's ghost (weakling DsFi)
  1213 | D:4      | Killed dscm's ghost
  1369 | D:4      | Reached skill level 3 in Transmutations
  1415 | D:4      | Reached XP level 5. HP: 22/39 MP: 2/11
  1568 | D:4      | Reached skill level 5 in Unarmed Combat
  1627 | D:5      | Entered Level 5 of the Dungeon
  1627 | D:5      | Found a stormy altar of Qazlal.
  1638 | D:4      | Reached skill level 1 in Fighting
  1699 | D:4      | Reached skill level 2 in Dodging
  1741 | D:4      | Reached XP level 6. HP: 22/47 MP: 4/12
  2134 | D:6      | Noticed Monsterracer's ghost (novice HuCj)
  2147 | D:6      | Reached skill level 2 in Fighting
  2172 | D:6      | HP: 3/48 [poisoned by Monsterracer's ghost]
  2172 | D:6      | Slain by Monsterracer's ghost

Skill      XL: |  1  2  3  4  5  6 |
---------------+-------------------+-----
Unarmed Combat | 3 4 5 |  5.5
Spellcasting   | 2 |  2.1
Transmutations | 2 3 |  3.5
Fighting       | 1 2 |  2.0
Dodging        | 2 |  2.4

Action                   |  1- 3 |  4- 6 || total
-------------------------+-------+-------++-------
Melee: Unarmed           |    95 |   103 ||   198
       Kick              |     3 |       ||     3
       Punch             |     4 |       ||     4
       Headbutt          |     4 |       ||     4
 Cast: Beastly Appendage |    19 |       ||    19
       Sticks to Snakes  |     6 |    11 ||    17
       Spider Form       |     4 |    22 ||    26
  Use: Potion            |       |     6 ||     6
       Scroll            |       |     1 ||     1
 Stab: Sleeping          |     5 |     1 ||     6
  Eat: Chunk             |     2 |     7 ||     9
Armor: Robe              |    13 |     3 ||    16
       Skin              |       |     5 ||     5
Dodge: Dodged            |    50 |    68 ||   118

Table legend:
 A = Turns spent in this place as a percentage of turns spent in the entire game.
 B = Non-inter-level travel turns spent in this place as a percentage of non-inter-level travel turns spent in the entire game.
 C = Inter-level travel turns spent in this place as a percentage of turns spent in this place.
 D = Turns resting spent in this place as a percentage of non-inter-level travel turns spent in this place.
 E = Turns spent auto-exploring this place as a percentage of non-inter-level travel turns spent in this place.
 F = Non-inter-level travel turns spent in this place divided by the number of levels of this place that you've seen.
                   A       B       C       D       E      F
               +-------+-------+-------+-------+-------+----------------------
         Total | 100.0 | 100.0 |   0.2 |   0.0 |   0.0 | 339.3
       Dungeon | 100.0 | 100.0 |   0.2 |   0.0 |   0.0 | 339.3
               +-------+-------+-------+-------+-------+----------------------

Table legend:
 A = Kills in this place as a percentage of kills in entire the game.
 B = Kills by you in this place as a percentage of kills by you in the entire game.
 C = Kills by friends in this place as a percentage of kills by friends in the entire game.
 D = Other kills in this place as a percentage of other kills in the entire game.
 E = Experience gained in this place as a percentage of experience gained in the entire game.
 F = Experience gained in this place divided by the number of levels of this place that you have seen.
                   A       B       C       D       E      F
               +-------+-------+-------+-------+-------+----------------------
         Total | 100.0 | 100.0 | 100.0 |  -nan | 100.0 | 111.2
       Dungeon | 100.0 | 100.0 | 100.0 |  -nan | 100.0 | 111.2
               +-------+-------+-------+-------+-------+----------------------

Vault maps used:
D:1:      zelgadis_glass_arrival_small
D:2:      first_bread
D:5:      basic_altar, uniq_menkaure
D:6:      cheibrodos_iron_armory, minmay_misc_feat_cross
